 Dungeon Crawl Stone Soup version 0.26-a0-663-g36e8fdb655 (console) character file.

Game seed: 5559157191825392824

96778 jejorda2 the Fencer (level 15, -7/204 HPs)
             Began as a Minotaur Berserker on Oct 10, 2020.
             Was the Champion of Trog.
             Mangled by a cyclops (8 damage)
             ... on level 1 of the Orcish Mines.
             The game lasted 01:10:46 (21079 turns).

jejorda2 the Fencer (Minotaur Berserker)           Turns: 21079, Time: 01:10:47

Health: -7/204     AC: 30    Str: 35    XL:     15   Next: 70%
Magic:  14/14      EV:  8    Int:  8    God:    Trog [******]
Gold:   2274       SH:  5    Dex:  7    Spells: 14/14 levels left

rFire    . . .     SeeInvis +   a - +8 great sword (flame)
rCold    . . .     Faith    .   (shield currently unavailable)
rNeg     . . .     Spirit   .   V - +1 crystal plate armour "Beops" {rPois Int+3 SInv}
rPois    +         Reflect  +   p - +2 hat
rElec    .         Harm     .   J - +2 cloak {rCorr}
rCorr    +         Rampage  .   (no gloves)
MR       ++...                  K - +1 pair of boots "Doel Loi" {MR- Regen+ Str+8 Dex-3}
Stlth    ..........             y - amulet of reflection
HPRegen  0.84/turn              j - ring of protection from magic
MPRegen  0.14/turn              M - ring of protection from magic

@: berserking, flying, very quick
A: retaliatory headbutt, horns 2
a: Berserk, Trog's Hand, Brothers in Arms, Renounce Religion


You were on level 1 of the Orcish Mines.
You worshipped Trog.
Trog was exalted by your worship.
You visited 3 branches of the dungeon, and saw 20 of its levels.
You also visited: Gauntlet, Ice Cave and Volcano.

You collected 2274 gold pieces.

Inventory:

Hand Weapons
 a - a +8 great sword of flaming (weapon)
 b - a +1 longbow of freezing
 m - a +2 triple sword
 B - a +1 longbow of flaming
 I - a +4 antimagic great sword
Missiles
 e - 379 arrows
 H - 2 curare-tipped darts (quivered)
 U - 15 javelins
Armour
 p - a +2 hat (worn)
 J - a +2 cloak of preservation (worn)
 K - the +1 pair of boots "Doel Loi" (worn) {MR- Regen+ Str+8 Dex-3}
   (You found it on level 3 of the Lair of Beasts)

   It affects your strength (+8).
   It affects your dexterity (-3).
   It affects your resistance to hostile enchantments.
   It increases your rate of regeneration.
 V - the +1 crystal plate armour "Beops" (worn) {rPois Int+3 SInv}
   (You took it off a minotaur in a Gauntlet)

   It affects your intelligence (+3).
   It protects you from poison.
   It lets you see invisible.
Jewellery
 j - a ring of protection from magic (left hand)
 y - an amulet of reflection (around neck)
 M - a ring of protection from magic (right hand)
 T - an uncursed ring of ice
Wands
 h - a wand of enslavement (10)
 i - a wand of acid (33)
 s - a wand of paralysis (22)
 w - a wand of disintegration (30)
 D - a wand of digging (31)
 G - a wand of flame (24)
 N - a wand of polymorph (9)
 W - a wand of iceblast (29)
Scrolls
 f - 10 scrolls of remove curse
 o - 3 scrolls of fog
 q - 8 scrolls of teleportation
 r - 7 scrolls of identify
 E - 2 scrolls of blinking
 F - a scroll of magic mapping
 O - 2 scrolls of fear
Potions
 c - 8 potions of ambrosia
 d - 7 potions of resistance
 g - 7 potions of heal wounds
 k - 5 potions of might
 l - 12 potions of curing
 n - 4 potions of flight
 t - a potion of magic
 u - 3 potions of berserk rage
 v - 7 potions of stabbing
 x - 3 potions of invisibility
 z - 5 potions of mutation
 C - 4 potions of haste
 L - a potion of cancellation
Miscellaneous
 A - a lightning rod (2/4)
 Y - a tin of tremorstones (3/3)


   Skills:
 - Level 13.6 Fighting
 - Level 20.0 Long Blades
 * Level 16.1 Bows
 - Level 11.0 Armour
 - Level 4.0 Dodging
 - Level 6.0 Evocations


You had 14 spell levels left.
You didn't know any spells.
Your spell library contained the following spells:

 Spells                   Type           Power        Failure   Level
 Blink                    Tloc           N/A          100%        2
 Gell's Gravitas          Tloc           #.........   100%        3
 Lesser Beckoning         Tloc           #.........   100%        3
 Teleport Other           Tloc           #.......     100%        3
 Passage of Golubria      Tloc           N/A          100%        4


Dungeon Overview and Level Annotations

Branches:
Dungeon (13/15)            Temple (0/1) D:6            Lair (6/6) D:9
 Shoals (0/4) Lair:3        Snake (0/4) Lair:4        Slime (0/5) Lair:6
    Orc (1/2) D:9          Vaults (0/5) D:13          IceCv (visited)
Volcano (visited)         Gauntlet (visited)

Altars:
Ashenzari
Fedhas
Gozag
Hepliaklqana
Kikubaaqudgha
Vehumet
Xom
Zin
The Shining One
Jiyva

Shops:
D:9 :   D:10 =

Annotations:
Lair:6 1 runed translucent door


Innate Abilities, Weirdness & Mutations

You reflexively headbutt those who attack you in melee.
You have a pair of horns on your head.


Message History

* * * LOW HITPOINT WARNING * * *
You see here 3 large rocks.
The cyclops hits you but does no damage. x3
You are too injured to fight recklessly!
You are too injured to fight recklessly!
Unknown command.
A red film seems to cover your vision as you go berserk!
You feel yourself moving faster!
You feel mighty! The cyclops hits you!
* * * LOW HITPOINT WARNING * * *
The cyclops hits you!
* * * LOW HITPOINT WARNING * * *
The cyclops hits you!!
* * * LOW HITPOINT WARNING * * *
The cyclops hits you but does no damage.
Unknown command.
You are too berserk!
You hit the cyclops. You burn the cyclops. You headbutt the cyclops!
The cyclops is moderately wounded.
The cyclops hits you!
You die...

.$.. #....(............ ...#
####.(.(........... ####
###.......(.......... #
###########.............$......
###.......§..≈≈≈≈≈≈§≈............
.......§§≈§≈.≈≈§≈≈≈≈.≈≈≈≈........
###...§≈≈§≈≈###'''###≈≈§≈≈§......
####P.§§≈≈§≈#...(..$#≈≈≈≈§≈≈P...#
.....≈§§≈§§≈#..C@C..#≈≈≈≈≈≈.$$.##
########C####..CCC..############
### #.......# +.......+ ####+####


You could see 5 cyclopes.

Vanquished Creatures
  Jorgrun (D:13)
  A frost giant (IceCv)
  An orc warlord (Orc:1)
  A minotaur (Gauntlet)
  A fire dragon (Volcano)
  8 vault guards (D:13)
  Erolcha (D:11)
  5 hydras
  5 catoblepae
  A boulder beetle (Lair:4)
  Erica (D:8)
  A centaur warrior (D:13)
  7 two-headed ogres
  A thrashing horror (Gauntlet)
  10 death yaks
  A hell hog (Gauntlet)
  Sonja (Lair:1)
  A soul eater (Gauntlet)
  A wizard (Gauntlet)
  A necromancer (Lair:6)
  Pikel (D:4)
  4 cyclopes
  4 manticores
  An orc sorcerer (Orc:1)
  5 ugly things
  3 salamanders (Volcano)
  7 elephants (Lair:6)
  A centaur zombie (D:12)
  An ice statue (IceCv)
  2 black mambas
  Psyche (D:12)
  Joseph (D:9)
  A torpor snail (Lair:2)
  A rime drake (Lair:5)
  13 komodo dragons
  10 cane toads
  2 ice devils (D:11)
  Maggie (Lair:2)
  An efreet (D:13)
  A kobold demonologist (D:12)
  4 trolls
  18 polar bears
  A queen bee (Lair:2)
  Grinder (D:4)
  4 hornets
  A slime creature (D:8)
  12 dream sheep
  16 blink frogs
  4 shadows
  Eustachio (D:6)
  A vampire (D:10)
  A wraith (D:11)
  9 wyverns
  77 yaks
  9 fire bats
  4 basilisks
  3 steam dragons (Volcano)
  6 wargs (Orc:1)
  14 water moccasins
  2 hell hounds (Gauntlet)
  3 sky beasts
  10 orc warriors
  7 ice beasts
  6 black bears
  2 phantoms
  5 boggarts (D:12)
  11 ogres
  35 wolves
  A lemure (D:4)
  6 centaurs
  The ghost of handsome the Ducker, an amateur OpWr (D:3)
  16 bullfrogs
  A gnoll sergeant (D:9)
  5 scorpions
  3 small abominations (Gauntlet)
  A wyvern skeleton (D:11)
  38 killer bees
  A troll zombie (D:9)
  7 wights
  3 electric eels
  6 howler monkeys
  A bullfrog zombie (D:8)
  3 hounds
  11 jellies
  8 orc priests
  12 orc wizards
  2 bullfrog skeletons
  7 iguanas
  2 polar bear simulacra (Lair:6)
  10 worker ants
  3 yak simulacra (Lair:6)
  4 wolf simulacra (Lair:6)
  7 ogre zombies (D:9)
  A hound skeleton (D:8)
  3 worker ant zombies
  15 adders
  4 gnolls (D:9)
  5 shadow imps
  3 white imps
  An ufetubus (D:9)
  23 oozes
  3 adder skeletons
  4 worms (D:3)
  A dart slug (D:1)
  5 leopard geckos
  43 orcs
  2 ball pythons
  7 bats
  3 giant cockroaches
  8 goblins
  4 hobgoblins
  11 jackals
  3 quokkas
  A frilled lizard (D:2)
  A giant cockroach zombie (D:6)
  3 goblin skeletons (D:9)
  3 goblin zombies (D:9)
  2 hobgoblin skeletons (D:9)
  A hobgoblin zombie (D:9)
  11 kobolds
  16 orc zombies (D:9)
  A quokka zombie (D:5)
  9 rats
  2 river rat simulacra (Lair:6)
736 creatures vanquished.

Vanquished Creatures (collateral kills)
  A two-headed ogre (Orc:1)
  An orc sorcerer (Orc:1)
  4 yaks (Lair:6)
  A basilisk (Lair:6)
  3 orc warriors (Orc:1)
  3 orcs (Orc:1)
13 creatures vanquished.

Vanquished Creatures (others)
  61 fungi
  80 plants
  8 toadstools (D:2)
149 creatures vanquished.

Grand Total: 898 creatures vanquished

Notes
Turn   | Place    | Note
-------+----------+-------------------------------------------
     0 | D:1      | jejorda2 the Minotaur Berserker began the quest for the
                  | Orb.
     0 | D:1      | Reached XP level 1. HP: 19/19 MP: 0/0
   324 | D:1      | Reached skill level 4 in Long Blades
   427 | D:1      | Reached XP level 2. HP: 27/27 MP: 1/1
  1109 | D:2      | Noticed a phantom
  1133 | D:2      | Killed a phantom
  1133 | D:2      | Reached skill level 5 in Long Blades
  1133 | D:2      | Reached XP level 3. HP: 19/34 MP: 2/2
  1133 | D:2      | Reached XP level 4. HP: 23/41 MP: 3/3
  1359 | D:2      | Reached ** piety under Trog
  1736 | D:2      | Reached XP level 5. HP: 32/47 MP: 4/4
  1973 | D:2      | Reached skill level 6 in Long Blades
  1976 | D:2      | Reached skill level 5 in Fighting
  1990 | D:2      | Reached XP level 6. HP: 39/56 MP: 5/5
  2478 | D:3      | Found a runed translucent door.
  2479 | D:3      | Noticed handsome's ghost (amateur OpWr)
  2519 | D:3      | Killed handsome's ghost
  2592 | D:3      | Reached *** piety under Trog
  2625 | D:3      | Found a faded altar of an unknown god.
  2864 | D:3      | Found an ancient bone altar of Kikubaaqudgha.
  2866 | D:3      | Found a glowing golden altar of the Shining One.
  2866 | D:3      | Found a radiant altar of Vehumet.
  2867 | D:3      | Found a broken altar of Ashenzari.
  2870 | D:3      | Found a glowing silver altar of Zin.
  3286 | D:4      | Reached skill level 7 in Long Blades
  3346 | D:4      | Reached XP level 7. HP: 9/62 MP: 6/6
  3351 | D:4      | Reached skill level 5 in Armour
  3890 | D:4      | Noticed Grinder
  3909 | D:4      | Killed Grinder
  3909 | D:4      | Reached skill level 8 in Long Blades
  4144 | D:4      | Noticed Pikel
  4161 | D:4      | Killed Pikel
  4161 | D:4      | Reached skill level 10 in Long Blades
  4161 | D:4      | Reached XP level 8. HP: 67/70 MP: 7/7
  4375 | D:5      | Entered Level 5 of the Dungeon
  4457 | D:5      | Found an ancient bone altar of Kikubaaqudgha.
  4508 | D:5      | Found an opulent altar of Gozag.
  5003 | D:6      | Noticed Eustachio
  5020 | D:6      | Killed Eustachio
  5020 | D:6      | Reached skill level 11 in Long Blades
  5517 | D:6      | Reached skill level 12 in Long Blades
  5608 | D:6      | Reached XP level 9. HP: 41/75 MP: 8/8
  5823 | D:6      | Noticed a purple ugly thing
  5838 | D:6      | Killed a purple ugly thing
  5838 | D:6      | Reached skill level 13 in Long Blades
  6066 | D:6      | Found a staircase to the Ecumenical Temple.
  6351 | D:7      | Found a blossoming altar of Fedhas.
  6402 | D:7      | Reached skill level 14 in Long Blades
  6881 | D:8      | Reached **** piety under Trog
  7159 | D:8      | Found a hazy altar of Hepliaklqana.
  7160 | D:8      | Found a shimmering altar of Xom.
  7162 | D:8      | Noticed a spectral ugly thing
  7228 | D:8      | Noticed Erica
  7237 | D:8      | Killed Erica
  7237 | D:8      | Reached XP level 10. HP: 52/84 MP: 9/9
  7440 | D:8      | Reached skill level 15 in Long Blades
  7537 | D:8      | Reached ***** piety under Trog
  7596 | D:8      | Noticed a two-headed ogre
  7604 | D:8      | Killed a two-headed ogre
  8079 | D:9      | Noticed Joseph
  8091 | D:9      | Killed Joseph
  8424 | D:9      | Found a staircase to the Orcish Mines.
  8443 | D:9      | Reached skill level 16 in Long Blades
  8450 | D:9      | Reached XP level 11. HP: 35/95 MP: 10/10
  8674 | D:9      | Found a staircase to the Lair.
  9217 | D:8      | Received a gift from Trog
  9398 | D:9      | Found Umozairr's Book Boutique.
  9665 | Lair:1   | Entered Level 1 of the Lair of Beasts
  9775 | Lair:1   | Noticed a four-headed hydra
  9780 | Lair:1   | Killed a one-headed hydra
  9896 | Lair:1   | Noticed Sonja
  9900 | Lair:1   | Killed Sonja
  9900 | Lair:1   | Reached skill level 17 in Long Blades
 10814 | Lair:2   | Reached skill level 1 in Evocations
 10874 | Lair:2   | Reached skill level 18 in Long Blades
 11206 | Lair:2   | You fall into a shaft and drop 1 floor!
 11272 | Lair:3   | Got a pair of smoking boots
 11277 | Lair:3   | Identified the +1 pair of boots "Doel Loi" {MR- Regen+
                  | Str+8 Dex-3} (You found it on level 3 of the Lair of
                  | Beasts)
 11336 | Lair:3   | Reached XP level 12. HP: 104/104 MP: 11/11
 11402 | Lair:2   | Noticed a seven-headed hydra
 11408 | Lair:2   | Killed a five-headed hydra
 11467 | Lair:2   | Noticed Maggie
 11467 | Lair:2   | Noticed a five-headed hydra
 11473 | Lair:2   | Killed a three-headed hydra
 11477 | Lair:2   | Killed Maggie
 11729 | Lair:2   | Noticed a death yak
 11737 | Lair:2   | Received a gift from Trog
 11737 | Lair:2   | Reached skill level 19 in Long Blades
 11742 | Lair:2   | Killed a death yak
 12561 | Lair:3   | Found a staircase to the Shoals.
 12945 | Lair:4   | Found a gate leading to a gauntlet.
 12954 | Gauntlet | Entered a Gauntlet
 12954 | Gauntlet | Found a transporter.
 12963 | Gauntlet | Found a transporter.
 12966 | Gauntlet | Found a transporter.
 12967 | Gauntlet | Found a transporter.
 12976 | Gauntlet | Found a transporter.
 12978 | Gauntlet | Found a transporter.
 12979 | Gauntlet | Found a transporter.
 12990 | Gauntlet | Found a transporter.
 12991 | Gauntlet | Found a transporter.
 12991 | Gauntlet | Found a transporter.
 13002 | Gauntlet | Found a transporter.
 13002 | Gauntlet | Found a transporter.
 13003 | Gauntlet | Found a transporter.
 13006 | Gauntlet | Noticed a hell hog
 13011 | Gauntlet | Found a transporter.
 13096 | Gauntlet | Reached skill level 20 in Long Blades
 13221 | Gauntlet | Killed a hell hog
 13276 | Gauntlet | Identified the +1 crystal plate armour "Beops" {rPois Int+3
                  | SInv}
 13276 | Gauntlet | Noticed a minotaur
 13281 | Gauntlet | Killed a minotaur
 13300 | Gauntlet | Got a warped hand crossbow
 13396 | Lair:4   | Identified the +6 hand crossbow of Checkmate {vorpal, +Fly
                  | rN+++ Str+3 Int-4} (You found it in a Gauntlet)
 13478 | Lair:4   | Got a fine dagger
 13478 | Lair:4   | Identified the +6 dagger of the Insatiable Olives {drain,
                  | rPois Int+2 Dex+2} (You found it on level 4 of the Lair of
                  | Beasts)
 13492 | Lair:4   | Noticed a boulder beetle
 13509 | Lair:4   | Killed a boulder beetle
 13509 | Lair:4   | Reached skill level 1 in Bows
 13509 | Lair:4   | Reached skill level 5 in Evocations
 13509 | Lair:4   | Reached XP level 13. HP: 112/112 MP: 12/12
 13573 | Lair:4   | Received a gift from Trog
 13703 | Lair:4   | Reached skill level 10 in Fighting
 13703 | Lair:4   | Reached skill level 10 in Armour
 13804 | Lair:4   | Found a staircase to the Snake Pit.
 14164 | Lair:5   | Found a dark tunnel.
 14186 | Volcano  | Entered a volcano
 14365 | Volcano  | Reached skill level 5 in Bows
 14472 | Volcano  | Noticed a fire dragon
 14482 | Volcano  | Killed a fire dragon
 15578 | Lair:6   | Entered Level 6 of the Lair of Beasts
 15661 | Lair:6   | Received a gift from Trog
 15763 | Lair:6   | Found a runed translucent door.
 15764 | Lair:6   | Found a viscous altar of Jiyva.
 15765 | Lair:6   | Found a staircase to the Slime Pits.
 15849 | Lair:6   | Reached XP level 14. HP: 107/124 MP: 13/13
 16132 | Lair:6   | Reached skill level 10 in Bows
 16760 | Lair:6   | Received a gift from Trog
 17166 | D:10     | Entered Level 10 of the Dungeon
 17626 | D:10     | Found Ytewnior's Jewellery Shoppe.
 17838 | D:11     | Found a frozen archway.
 17854 | IceCv    | Entered an ice cave
 18129 | IceCv    | Reached ****** piety under Trog
 18318 | IceCv    | Noticed a frost giant
 18325 | IceCv    | Killed a frost giant
 18325 | IceCv    | Reached XP level 15. HP: 136/136 MP: 14/14
 18737 | D:11     | Received a gift from Trog
 18841 | D:11     | Noticed Erolcha
 18845 | D:11     | Killed Erolcha
 19356 | D:12     | Noticed Psyche
 19363 | D:12     | Killed Psyche
 19904 | D:13     | Noticed Jorgrun
 19916 | D:13     | Killed Jorgrun
 20031 | D:13     | Found a gate to the Vaults.
 20062 | D:13     | Reached skill level 15 in Bows
 20159 | D:13     | Received a gift from Trog
 20745 | Orc:1    | Entered Level 1 of the Orcish Mines
 20980 | Orc:1    | Noticed an orc warlord
 20994 | Orc:1    | Killed an orc warlord
 21078 | Orc:1    | HP: 1/204 [cyclops (18)]
 21079 | Orc:1    | Mangled by a cyclops

Illustrated notes

Levels and vault maps discovered:
D:1:      heliophobic_arrival_enchanted_forest, layout_loops_corners
D:2:      cheibrodos_fertilizer, layout_basic, minmay_fountain_box
D:3:      layout_loops_ring, minitemple, gammafunk_ghost_grave,
          chequers_ecumenical_altar_twisty
D:4:      layout_basic, fountainhead, st_stairs_3, uniq_pikel, uniq_grinder
D:5:      layout_rooms, kennysheep_mini, basic_altar
D:6:      cheibrodos_barr_body, layout_basic, minmay_temple_entry_glassed_door,
          uniq_eustachio
D:7:      layout_basic, fedhas_altar_2
D:8:      lemuel_slime, layout_loops_cross, regret_index_temple_of_mockery,
          hangedman_decor_lopped, chequers_decorated_corner, uniq_erica
D:9:      layout_irregular_city, due_lair_maze_entry_diamond, zombieorc2_lemuel,
          serial_shops, kennysheep_mini_moat, uniq_joseph
D:10:     kennysheep_six_static_rooms, layout_basic, serial_shops,
          nicolae_shop_behind_doors, hangedman_corner_corridor
D:11:     layout_rooms, portal_ice_cave_demonic_guard, uniq_erolcha
D:12:     layout_roguey, uniq_psyche
D:13:     layout_loops_ring, erik_vaults_2, uniq_jorgrun
Lair:1:   layout_loops_ring, uniq_sonja
Lair:2:   layout_gridlike, special_room [special_room_bee], uniq_maggie
Lair:3:   layout_chaotic_city, elwin_shoals_entry_rooms
Lair:4:   layout_misc_corridors, dummy_snake_entry, gauntlet_entry_generic,
          infiniplex_staircase_pool
Lair:5:   layout_regular_city, enter_volcano_4
Lair:6:   evilmike_catoblepas_cave, layout_small_grid, slime_altar_2,
          eino_house_with_fridge
Orc:1:    giant_chief_lemuel, layout_caves

Skill      XL: |  1  2  3  4  5  6  7  8  9 10 11 12 13 14 15 |
---------------+----------------------------------------------+-----
Long Blades    | 4 5 6 7 10 12 14 16 18 20 | 20.0
Fighting       | 4 5 6 8 9 11 13 | 13.6
Armour         | 3 4 6 8 9 11 | 11.0
Evocations     | 3 5 6 |  6.0
Dodging        | 4 |  4.0
Bows           | 1 8 12 16 | 16.1

Action                   |  1- 3 |  4- 6 |  7- 9 | 10-12 | 13-15 || total
-------------------------+-------+-------+-------+-------+-------++-------
Melee: Falchion          |    49 |    14 |       |       |       ||    63
       Headbutt          |     8 |    30 |    52 |   124 |   180 ||   394
       Long sword        |       |   121 |    89 |       |       ||   210
       Scimitar          |       |       |   179 |   426 |       ||   605
       Great sword       |       |       |       |    87 |   766 ||   853
 Fire: Longbow           |       |       |       |       |    32 ||    32
Invok: Berserk           |       |     1 |     2 |     9 |     4 ||    16
       Trog's Hand       |       |       |     4 |     2 |     1 ||     7
       Brothers in Arms  |       |       |       |     2 |     3 ||     5
Evoke: Wand              |       |       |       |     9 |       ||     9
       Tin of tremorston |       |       |       |       |     3 ||     3
       Lightning rod     |       |       |       |       |     3 ||     3
  Use: Scroll            |     4 |     2 |    10 |    12 |    10 ||    38
       Potion            |       |       |       |     1 |     1 ||     2
 Stab: Distracted        |       |       |       |       |     1 ||     1
       Petrified         |       |       |       |       |     4 ||     4
       Petrifying        |       |       |       |       |     1 ||     1
Armor: Ring mail         |     8 |       |       |       |       ||     8
       Chain mail        |    22 |    71 |   118 |    67 |       ||   278
       Plate armour      |       |       |       |   152 |    20 ||   172
       Crystal plate arm |       |       |       |     5 |   411 ||   416
Dodge: Dodged            |    21 |    67 |   104 |   173 |   219 ||   584
Block: Other             |       |       |       |    81 |   135 ||   216
       Reflection        |       |       |       |     2 |     7 ||     9
       Rpst.: Falchion   |     8 |     2 |       |       |       ||    10
       Long sword        |       |    12 |     8 |       |       ||    20
       Scimitar          |       |       |    28 |    39 |       ||    67
       Great sword       |       |       |       |     9 |    52 ||    61

Table legend: (Time is in decaauts)
 A = Elapsed time spent in this place.
 B = Non-inter-level travel time spent in this place.
 C = Inter-level travel time spent in this place.
 D = Time resting spent in this place.
 E = Time spent auto-exploring this place.
 F = Levels seen in this place.
 G = Mean time per level.
                   A        B        C        D        E       F      G
               +--------+--------+--------+--------+--------+-----+--------+
         Total |  20811 |  19860 |    951 |    404 |  15301 |  23 |  904.8 |
       Dungeon |  12286 |  11799 |    487 |    104 |   9589 |  13 |  945.1 |
          Lair |   6425 |   6015 |    410 |    119 |   4752 |   6 | 1070.8 |
  Orcish Mines |    326 |    273 |     53 |      7 |    126 |   1 |  326.0 |
      Ice Cave |    811 |    811 |      0 |     66 |    397 |   1 |  811.0 |
       Volcano |    505 |    505 |      0 |     40 |    253 |   1 |  505.0 |
      Gauntlet |    455 |    455 |      0 |     68 |    184 |   1 |  455.0 |
               +--------+--------+--------+--------+--------+-----+--------+

Top non-repeatable levels by time:
     D:9: 1577 daAuts
     D:4: 1387 daAuts
  Lair:6: 1372 daAuts
  Lair:2: 1310 daAuts
     D:2: 1224 daAuts
     D:6: 1215 daAuts
     D:8: 1178 daAuts
     D:1: 1054 daAuts
  Lair:1: 1017 daAuts
  Lair:3: 994 daAuts
  Lair:5: 962 daAuts
    D:13: 878 daAuts
   IceCv: 811 daAuts
     D:3: 779 daAuts
  Lair:4: 768 daAuts
